 Dungeon Crawl Stone Soup version 0.28-a0-802-g09f76e8c00 (webtiles) character file.

Game seed: 16995084603787578220

17 croobank the Stinger (level 2, -1/17 HPs)
             Began as an Octopode Venom Mage on Nov 6, 2021.
             Slain by an adder (5 damage)
             ... on level 2 of the Dungeon.
             The game lasted 00:05:37 (1696 turns).

croobank the Stinger (Octopode Venom Mage)          Turns: 1696, Time: 00:05:39

Health: -1/17      AC:  1    Str:  7    XL:     2   Next: 62%
Magic:  3/5        EV: 13    Int: 17    God:
Gold:   0          SH:  0    Dex: 12    Spells: 2/5 levels left

rFire   . . .      SeeInvis .   e - +0 rapier
rCold   . . .      Faith    .   (no shield)
rNeg    . . .      Spirit   .   (helmet restricted)
rPois   .          Reflect  .   (no amulet)
rElec   .          Harm     .   (no ring)
rCorr   .          Rampage  .   (no ring)
Will    .....                   (no ring)
Stlth   +++.......              (no ring)
HPRegen 0.05/turn               (no ring)
MPRegen 0.09/turn               (no ring)
                                (no ring)
                                (no ring)

@: no status effects
A: almost no armour, amphibious, 8 rings, camouflage 1, gelatinous body 1,
(nimble swimmer 1), tentacles
a: no special abilities


You were on level 2 of the Dungeon.
You visited 1 branch of the dungeon, and saw 2 of its levels.

You collected 40 gold pieces.
You spent 40 gold pieces at shops.

Inventory:

Hand Weapons
 e - a +0 rapier (weapon)
Missiles
 a - 36 stones
Potions
 b - a potion of might
 d - a potion of magic


   Skills:
 + Level 2.0 Dodging
 + Level 3.0 Stealth
 + Level 0.9 Unarmed Combat
 + Level 2.0 Spellcasting
 + Level 1.1 Transmutations
 + Level 4.1 Poison Magic


You had 2 spell levels left.
You knew the following spells:

 Your Spells              Type           Power      Damage    Failure   Level
a - Sting                 Tmut/Pois      40%        1d5       7%          1
b - Poisonous Vapours     Pois/Air       16%        N/A       12%         2

Your spell library contained the following spells:

 Spells                   Type           Power      Damage    Failure   Level
 Mephitic Cloud           Conj/Pois/Air  6%         N/A       32%         3
 Olgreb's Toxic Radiance  Pois           15%        N/A       34%         4
 Gell's Gravitas          Tloc           1%         N/A       50%         3
 Teleport Other           Tloc           1%         N/A       50%         3
 Dispersal                Tloc           0%         N/A       100%        6


Dungeon Overview and Level Annotations

Branches:
Dungeon (2/15)

Altars:

Shops:
D:2 [?*


Innate Abilities, Weirdness & Mutations

You cannot wear most types of armour.
You are amphibious.
You can wear up to eight rings at the same time.
Your skin changes colour to match your surroundings (Stealth+).
Your rubbery body absorbs attacks. (AC +1, EV +1)
((You are camouflaged near water. (Stealth+)))
You have tentacles for arms and can constrict up to eight enemies at once.


Message History

Press: ? - help, Q - select action, (/) - cycle Shift-Dir - straight line, f - you
Okay, then.
Aiming: Sting (safe; 7% risk of failure)
Press: ? - help, Q - select action, (/) - cycle Shift-Dir - straight line, f - adder
Aim: an adder (53% to hit)
The sting misses the adder.
You miss the adder. Your grab misses the adder. The adder closely misses you.
You barely miss the adder. You grab the adder. You constrict the adder.
The adder bites you. The adder closely misses you.
The frilled lizard closely misses you.
You release your grip on the adder.
The adder bites you. The adder bites you.
You are poisoned.
The adder poisons you!
You feel sick.
You feel sick.
You feel sick. The adder bites you but does no damage.
You hit the adder. Your grab misses the adder. Your squeeze misses the adder.
The adder is heavily wounded.
You feel sick. The adder barely misses you.
You hit the adder but do no damage. Your grab misses the adder.
The adder is heavily wounded.
You feel sick.
You are no longer poisoned.
The adder bites you.
* * * LOW HITPOINT WARNING * * *
The adder misses you.
Aiming: Sting (safe; 7% risk of failure)
Press: ? - help, Q - select action, (/) - cycle Shift-Dir - straight line, f/p - adder
Aim: an adder (heavily wounded, 53% to hit)
The sting misses the adder.
The sting misses the frilled lizard.
The adder barely misses you.
Aiming: Sting (safe; 7% risk of failure)
Press: ? - help, Q - select action, (/) - cycle Shift-Dir - straight line, f/p - adder
Aim: an adder (heavily wounded, 53% to hit)
The sting hits the adder.
The adder is poisoned.
The adder is heavily wounded.
The adder bites you.
You die...

∩ ######### .⌠
#.......#######
...####.......lS@...#
#.......†.).#####.#
#.....######......#
#.....######.#########
.......>.........†.....#
..#....#######.#######.#
. #....# #.....# #....#
#..##.####.# #....#
#..#<......#


You could see an adder (poisoned) and a frilled lizard.

Vanquished Creatures
  A dart slug (D:1)
  2 bats (D:1)
  An endoplasm (D:1)
  A goblin (D:2)
  2 hobgoblins
  A quokka (D:1)
  A ball python (D:2)
  A frilled lizard (D:1)
  2 kobolds
  3 rats
15 creatures vanquished.

Vanquished Creatures (others)
  4 toadstools (D:1)
4 creatures vanquished.

Grand Total: 19 creatures vanquished

Notes
Turn   | Place    | Note
-------+----------+-------------------------------------------
     0 | D:1      | croobank the Octopode Venom Mage began the quest for the
                  | Orb.
     0 | D:1      | Reached XP level 1. HP: 11/11 MP: 3/3
   436 | D:1      | Reached XP level 2. HP: 17/17 MP: 3/5
   488 | D:1      | Reached skill level 4 in Poison Magic
   497 | D:1      | Learned a level 2 spell: Poisonous Vapours
   642 | D:1      | Found a faded altar of an unknown god.
  1381 | D:2      | Found Impufual's Antique Armour Shop.
  1391 | D:2      | Found Feont's Magic Scroll Shop.
  1412 | D:2      | Bought a scroll of identify for 20 gold pieces
  1412 | D:2      | Bought a scroll of identify for 20 gold pieces
  1678 | D:2      | Found Vipin's Assorted Antiques.
  1696 | D:2      | Slain by an adder

Illustrated notes

Levels and vault maps discovered:
D:1:      ldierk_water_garden, layout_basic, shapermc_ecumenical_altar_ellora
D:2:      layout_basic, serial_shops, nicolae_shop_stone, shop_fountains,
          shop_fountains, shop, basic_altar

Skill      XL: |  1  2 |
---------------+-------+-----
Poison Magic   | 4 |  4.1
Stealth        | 3 |  3.0
Dodging        | |  2.0
Unarmed Combat | |  0.9
Spellcasting   | |  2.0
Transmutations | |  1.1

Action                   || total
-------------------------++-------
Melee: Unarmed           ||    19
       Constrict         ||     7
       Tentacles         ||     3
       Rapier            ||    15
 Cast: Sting             ||    12
       Poisonous Vapours ||     1
  Use: Scroll            ||     4
 Stab: Sleeping          ||     4
Armor: Skin              ||     3
Dodge: Dodged            ||    24

Table legend: (Time is in decaauts)
 A = Elapsed time spent in this place.
 B = Non-inter-level travel time spent in this place.
 C = Inter-level travel time spent in this place.
 D = Time resting spent in this place.
 E = Time spent auto-exploring this place.
 F = Levels seen in this place.
 G = Mean time per level.
                   A        B        C        D        E       F      G
               +--------+--------+--------+--------+--------+-----+--------+
         Total |   1697 |   1645 |     52 |    145 |   1250 |   2 |  848.5 |
       Dungeon |   1697 |   1645 |     52 |    145 |   1250 |   2 |  848.5 |
               +--------+--------+--------+--------+--------+-----+--------+

Top non-repeatable levels by time:
     D:1: 1372 daAuts
     D:2: 325 daAuts
